 Dungeon Crawl Stone Soup version 0.30-a0-586-g23e55c9e0a (webtiles) character file.

Game seed: 12920085600742037764

111 Zonian the Sneak (level 4, 0/23 HPs)
             Began as a Vine Stalker Brigand on Jan 4, 2023.
             Killed from afar by Ijyb (5 damage)
             ... with a puff of flame
             ... on level 3 of the Dungeon.
             The game lasted 00:04:10 (2378 turns).

Zonian the Sneak (Vine Stalker Brigand)             Turns: 2378, Time: 00:04:10

Health: 0/23       AC:  3    Str: 13    XL:     4   Next: 92%
Magic:  0/5        EV: 12    Int: 11    God:
Gold:   133        SH:  5    Dex: 18    Spells: 3/3 levels left

rFire   . . .      SeeInvis +    a - +2 dagger
rCold   . . .      Faith    .    (no shield)
rNeg    . . .      Spirit   +    b - +0 robe
rPois   .          Reflect  +    (no helmet)
rElec   .          Harm     .    c - +0 cloak
rCorr   .          Rampage  .    (no gloves)
Will    .....                    (no boots)
Stlth   +++                      o - amulet of reflection
HPRegen 1.03/turn                p - ring of see invisible
MPRegen 0.09/turn                (no ring)

@: no status effects
A: fangs 2, regeneration 1, magic shield, antimagic bite, no potion heal 2
a: no special abilities


You were on level 3 of the Dungeon.
You visited 1 branch of the dungeon, and saw 3 of its levels.

You collected 133 gold pieces.

Inventory:

Hand Weapons
 a - a +2 dagger (weapon)
Missiles
 d - 12 poisoned darts (quivered)
 e - a curare-tipped dart
 i - 3 boomerangs
Armour
 b - a +0 robe (worn)
 c - a +0 cloak (worn)
Jewellery
 o - an amulet of reflection (around neck)
 p - a ring of see invisible (left hand)
Scrolls
 g - a scroll of magic mapping
Potions
 f - a potion of ambrosia {unknown}
 h - 2 potions of flight {unknown}
 l - a potion of brilliance
 m - a potion of curing
 q - 2 potions of heal wounds
 r - a potion of might {unknown}


   Skills:
 + Level 2.5 Fighting
 + Level 2.4 Short Blades
 + Level 2.4 Throwing
 + Level 1.7 Dodging
 + Level 5.5 Stealth


You had 3 spell levels left.
You didn't know any spells.
Your spell library was empty.

Dungeon Overview and Level Annotations

Branches:
Dungeon (3/15)

Altars:

Annotations:
D:3 Ijyb, Jessica


Innate Abilities, Weirdness & Mutations

You have extremely sharp teeth.
Your natural rate of healing is unusually fast.
When hurt, damage is shared between your health and your magic reserves.
Your bite disrupts and absorbs the magic of your enemies.
Potions cannot restore your health.


Message History

You hit Ijyb but do no damage.
Ijyb is heavily wounded.
Ijyb hits you with a +0 dagger. You block Jessica's attack.
You barely miss Ijyb.
Ijyb is heavily wounded.
You barely miss Ijyb.
Ijyb is heavily wounded.
Jessica barely misses you. You block Ijyb's attack.
You hit Ijyb.
Ijyb is severely wounded.
You closely miss Ijyb.
Ijyb is severely wounded.
Jessica misses you. Ijyb completely misses you.
You hit Ijyb but do no damage. You bite Ijyb, but do no damage.
Ijyb is severely wounded.
You feel yourself slow down. Ijyb hits you with a +0 dagger.
Jessica points at you and mumbles some strange words.
Pain shoots through your body!
* * * LOW HITPOINT WARNING * * *
You barely miss Ijyb. You bite Ijyb, but do no damage.
Ijyb is severely wounded.
Unknown command.
You aren't carrying any items that you can evoke.
Unknown command.
Throw: 3 darts (curare)
Press: ? - help, Shift-Dir - straight line, f - Ijyb
Aim: Ijyb, wielding a +0 dagger, wearing a +0 ring mail and carrying a wand of flame (12) (severely wounded, unusually resistant, 60% to hit)
You throw a curare-tipped dart.
The curare-tipped dart barely misses Ijyb.
Jessica hits you but does no damage. Ijyb closely misses you.
Unknown command.
Throw: 2 darts (curare)
Press: ? - help, Shift-Dir - straight line, f/p - Ijyb
Aim: Ijyb, wielding a +0 dagger, wearing a +0 ring mail and carrying a wand of flame (12) (severely wounded, unusually resistant, 60% to hit)
You throw a curare-tipped dart.
The curare-tipped dart barely misses Ijyb.
Ijyb is no longer unusually resistant.
Ijyb zaps a wand.
The puff of flame hits you.
You die...

#.# .# #.# ... # ###.# #..##
.#### #.... .....# ...#
#.#.###....## #####.##
#.#.#........ ......g##
#.#)#.#....... .#
........####(..g@@............
......#....#.###.#.####.#. #.#
@.....####.#.#.#.#.# #........
......# #...#.#.#.# #..#..#.#
####### ###.#.#.#.# #..#..#.#
######.#.#.#.###..#..#.#
#.................#..#.#
#.####.#.............#.#
#.#.#.#..###....#<# #


You could see Ijyb and Jessica.

Vanquished Creatures
  4 gnolls (D:2)
  5 adders (D:2)
  A worm (D:2)
  2 endoplasms
  2 goblins
  4 jackals (D:1)
  3 ball pythons (D:2)
  A bat (D:2)
  5 frilled lizards
  2 kobolds
  A rat (D:2)
30 creatures vanquished.

Notes
Turn   | Place    | Note
-------+----------+-------------------------------------------
     0 | D:1      | Zonian the Vine Stalker Brigand began the quest for the
                  | Orb.
     0 | D:1      | Reached XP level 1. HP: 11/11 MP: 2/2
   453 | D:1      | Reached skill level 1 in Dodging
   453 | D:1      | Reached XP level 2. HP: 14/15 MP: 3/3
   461 | D:1      | Reached skill level 5 in Stealth
   909 | D:2      | Reached XP level 3. HP: 18/18 MP: 4/4
  1497 | D:2      | Gained mutation: Your natural rate of healing is unusually
                  | fast. [Vine Stalker growth]
  1497 | D:2      | Reached XP level 4. HP: 13/23 MP: 2/5
  2309 | D:3      | Noticed Ijyb
  2311 | D:3      | Noticed Jessica
  2378 | D:3      | Killed from afar by Ijyb

Illustrated notes

Levels and vault maps discovered:
D:1:      lemuel_arrival_funnel, layout_rooms
D:2:      layout_loops_ring, serial_glass, glass_columns_b, glass_columns_c,
          glass_columns_b, glass_columns_a, glass_columns_c, glass_columns_a,
          minmay_misc_feat_chi
D:3:      layout_basic, amcnicky_altar_gilded, uniq_jessica, uniq_ijyb

Skill      XL: |  1  2 |
---------------+-------+-----
Dodging        | 1 |  1.7
Stealth        | 5 |  5.5
Fighting       | 2 |  2.5
Short Blades   | 2 |  2.4
Throwing       | 2 |  2.4

Action                   |  1- 3 |  4- 6 || total
-------------------------+-------+-------++-------
Melee: Dagger            |    88 |    64 ||   152
       Bite              |    15 |    23 ||    38
       Punch             |     1 |       ||     1
Throw: Dart              |       |     2 ||     2
  Use: Potion            |     2 |     1 ||     3
       Scroll            |     1 |     7 ||     8
 Stab: Sleeping          |     5 |     1 ||     6
Armor: Robe              |    11 |     2 ||    13
Dodge: Dodged            |    51 |    29 ||    80
Block: Other             |    15 |    11 ||    26

Table legend: (Time is in decaauts)
 A = Elapsed time spent in this place.
 B = Non-inter-level travel time spent in this place.
 C = Inter-level travel time spent in this place.
 D = Time resting spent in this place.
 E = Time spent auto-exploring this place.
 F = Levels seen in this place.
 G = Mean time per level.
                   A        B        C        D        E       F      G
               +--------+--------+--------+--------+--------+-----+--------+
         Total |   2321 |   2284 |     37 |    742 |   1049 |   3 |  773.7 |
       Dungeon |   2321 |   2284 |     37 |    742 |   1049 |   3 |  773.7 |
               +--------+--------+--------+--------+--------+-----+--------+

Top non-repeatable levels by time:
     D:2: 1332 daAuts
     D:1: 901 daAuts
     D:3: 87 daAuts
